TOP OF THE 1ST |
Erie SeaWolves batting - Pitching for Akron RubberDucks : RHP Gordie Pierson
|
Pitching: RHP Gordie Pierson
|
|
Batting: RHB Eric Angelle
|
0-0: Called Strike 0-1: Ball 1-1: Foul Ball, location: 2F 1-2: Ball 2-2: Strikes out swinging
|
Batting: RHB Carlos Armenteros
|
0-0: Ball 1-0: Foul Ball, location: 2F 1-1: Ball 2-1: Ball 3-1: DOUBLE (Line Drive, 7LM, EV 98.1 MPH)
|
Batting: LHB Dave Carlisle
|
0-0: Ball 1-0: Foul Ball, location: 2F 1-1: Ground out 6-3 (Groundball, 6, EV 99.4 MPH)
|
Batting: RHB John Evancho
|
0-0: Foul Ball, location: 2F 0-1: Swinging Strike 0-2: Strikes out swinging
|
Top of the 1st over - 0 runs, 1 hit, 0 errors, 1 left on base; Erie 0 - Akron 0 |
BOTTOM OF THE 1ST |
Akron RubberDucks batting - Pitching for Erie SeaWolves : RHP Jerome Stady
|
Pitching: RHP Jerome Stady
|
|
Batting: RHB Mitch Boyd
|
0-0: Called Strike 0-1: Ball 1-1: Ball 2-1: Ball 3-1: Foul Ball, location: 2F 3-2: Foul Ball, location: 2F 3-2: SINGLE (Groundball, 6, EV 96.9 MPH)
|
Batting: SHB Jarrod Lindblad
|
0-0: Called Strike 0-1: Called Strike Mitch Boyd steals 2nd base (no throw) 0-2: Ball 1-2: Foul Ball, location: 2F 1-2: Ball 2-2: Ball 3-2: Fly out, F9 (Flyball, 9LS, EV 92.5 MPH)
|
Batting: SHB Valentin Laporte
|
0-0: Called Strike Mitch Boyd is caught stealing 3rd base 2-5 0-1: Fly out, F7 (Flyball, 7D, EV 101.2 MPH)
|
Bottom of the 1st over - 0 runs, 1 hit, 0 errors, 0 left on base; Erie 0 - Akron 0 |
TOP OF THE 2ND |
Erie SeaWolves batting - Pitching for Akron RubberDucks : RHP Gordie Pierson
|
Batting: RHB Adam MacConnell
|
0-0: SINGLE (Groundball, P, EV 88.8 MPH) (infield hit)
|
Batting: RHB Benny O'Connor
|
0-0: Foul Ball, location: 2F 0-1: Hit by Pitch Adam MacConnell to second
|
Batting: RHB Jose Evangelista
|
0-0: Called Strike 0-1: Foul Ball, location: 2F 0-2: Ball 1-2: Ball 2-2: Strikes out swinging
|
Batting: RHB Willie Ochoa
|
0-0: Called Strike 0-1: Fielders Choice at 2nd, 3-6 (Groundball, 3, EV 83.8 MPH) Adam MacConnell to third
|
Batting: RHB Mike Sebastian
|
0-0: Ball 1-0: Foul Ball, location: 2F 1-1: SINGLE (Groundball, 56, EV 96.2 MPH) (infield hit) Adam MacConnell scores Willie Ochoa to second
|
Batting: RHB Eric Angelle
|
0-0: Foul Ball, location: 2F 0-1: Fielders Choice at 2nd, 5-4 (Groundball, 56, EV 78.8 MPH)
|
Top of the 2nd over - 1 run, 2 hits, 0 errors, 2 left on base; Erie 1 - Akron 0 |
BOTTOM OF THE 2ND |
Akron RubberDucks batting - Pitching for Erie SeaWolves : RHP Jerome Stady
|
Batting: RHB Tristan Wright
|
0-0: Fly out, F8 (Flyball, 8LXD, EV 96.9 MPH)
|
Batting: LHB Esteban Cordova
|
0-0: Ball 1-0: Ground out 4-3 (Groundball, 34D, EV 85.0 MPH)
|
Batting: RHB Justin Lauderdale
|
0-0: Called Strike 0-1: Foul Ball, location: 2F 0-2: Ball 1-2: Ball 2-2: Fly out, F9 (Flyball, 9D, EV 89.4 MPH)
|
Bottom of the 2nd over - 0 runs, 0 hits, 0 errors, 0 left on base; Erie 1 - Akron 0 |
TOP OF THE 3RD |
Erie SeaWolves batting - Pitching for Akron RubberDucks : RHP Gordie Pierson
|
Batting: RHB Carlos Armenteros
|
0-0: Swinging Strike 0-1: Fly out, F4 (Flyball, 34D, EV 84.4 MPH)
|
Batting: LHB Dave Carlisle
|
0-0: Ball 1-0: Ball 2-0: Called Strike 2-1: SOLO HOME RUN (Flyball, 9LD, EV 96.9 MPH), Distance : 356 ft
|
Batting: RHB John Evancho
|
0-0: Ball 1-0: Ground out 6-3 (Groundball, 6MD, EV 79.4 MPH)
|
Batting: RHB Adam MacConnell
|
0-0: Called Strike 0-1: Foul Ball, location: 2F 0-2: Ball 1-2: Strikes out swinging
|
Top of the 3rd over - 1 run, 1 hit, 0 errors, 0 left on base; Erie 2 - Akron 0 |
BOTTOM OF THE 3RD |
Akron RubberDucks batting - Pitching for Erie SeaWolves : RHP Jerome Stady
|
Batting: RHB Charles Marcel
|
0-0: Ball 1-0: Ball 2-0: Called Strike 2-1: Foul Ball, location: 2F 2-2: Fly out, F9 (Flyball, 89M, EV 71.9 MPH)
|
Batting: SHB Javon Mitchell
|
0-0: Foul Ball, location: 2F 0-1: Foul Ball, location: 2F 0-2: Ball 1-2: SINGLE (Flyball, 9LS, EV 85.6 MPH)
|
Batting: RHB Anibal Casteles
|
0-0: Called Strike Javon Mitchell steals 2nd, throwing error, E2 Javon Mitchell to third 0-1: SINGLE (Groundball, 56D, EV 98.1 MPH) Javon Mitchell scores
|
Batting: RHB Mitch Boyd
|
0-0: Ball 1-0: Ball 2-0: Swinging Strike 2-1: Called Strike 2-2: Ground out 5-3 (Groundball, 56S, EV 78.1 MPH) Anibal Casteles to second
|
Batting: SHB Jarrod Lindblad
|
0-0: Called Strike 0-1: Called Strike 0-2: DOUBLE (Line Drive, 78M, EV 88.1 MPH) Anibal Casteles scores
|
Batting: SHB Valentin Laporte
|
0-0: Swinging Strike 0-1: Ball 1-1: Ball 2-1: Ball 3-1: Base on Balls
|
Batting: RHB Tristan Wright
|
0-0: Called Strike 0-1: Ball 1-1: Swinging Strike 1-2: Strikes out swinging
|
Bottom of the 3rd over - 2 runs, 3 hits, 1 error, 2 left on base; Erie 2 - Akron 2 |
TOP OF THE 4TH |
Erie SeaWolves batting - Pitching for Akron RubberDucks : RHP Gordie Pierson
|
Batting: RHB Benny O'Connor
|
0-0: Called Strike 0-1: Ball 1-1: Foul Ball, location: 2F 1-2: Foul Ball, location: 2F 1-2: Ball 2-2: Foul Ball, location: 2F 2-2: Fly out, F7 (Flyball, 78S, EV 87.5 MPH)
|
Batting: RHB Jose Evangelista
|
0-0: Called Strike 0-1: Ball 1-1: Ball 2-1: Swinging Strike 2-2: Foul Ball, location: 2F 2-2: Strikes out swinging
|
Batting: RHB Willie Ochoa
|
0-0: Ball 1-0: Called Strike 1-1: Ball 2-1: Swinging Strike 2-2: Ball 3-2: Foul Ball, location: 2F 3-2: Ground out 6-3 (Groundball, 6D, EV 101.2 MPH)
|
Top of the 4th over - 0 runs, 0 hits, 0 errors, 0 left on base; Erie 2 - Akron 2 |
BOTTOM OF THE 4TH |
Akron RubberDucks batting - Pitching for Erie SeaWolves : RHP Jerome Stady
|
Batting: LHB Esteban Cordova
|
0-0: Called Strike 0-1: Called Strike 0-2: Ball 1-2: Strikes out looking
|
Batting: RHB Justin Lauderdale
|
0-0: Called Strike 0-1: Ball 1-1: Swinging Strike 1-2: Ball 2-2: Ball 3-2: Ground out 6-3 (Groundball, 6, EV 86.2 MPH)
|
Batting: RHB Charles Marcel
|
0-0: SOLO HOME RUN (Flyball, 7D, EV 98.1 MPH), Distance : 381 ft
|
Batting: SHB Javon Mitchell
|
0-0: Ball 1-0: Ball 2-0: Ground out 5-3 (Groundball, 56, EV 111.2 MPH)
|
Bottom of the 4th over - 1 run, 1 hit, 0 errors, 0 left on base; Erie 2 - Akron 3 |
TOP OF THE 5TH |
Erie SeaWolves batting - Pitching for Akron RubberDucks : RHP Gordie Pierson
|
Batting: RHB Mike Sebastian
|
0-0: Ball 1-0: Called Strike 1-1: Foul Ball, location: 2F 1-2: Strikes out swinging
|
Batting: RHB Eric Angelle
|
0-0: Ball 1-0: Ground out 6-3 (Groundball, 6, EV 101.2 MPH)
|
Batting: RHB Carlos Armenteros
|
0-0: Foul Ball, location: 2F 0-1: Swinging Strike 0-2: Ground out U3 (Groundball, 34S, EV 87.5 MPH)
|
Top of the 5th over - 0 runs, 0 hits, 0 errors, 0 left on base; Erie 2 - Akron 3 |
BOTTOM OF THE 5TH |
Akron RubberDucks batting - Pitching for Erie SeaWolves : RHP Jerome Stady
|
Batting: RHB Anibal Casteles
|
0-0: Ball 1-0: SINGLE (Groundball, 6MD, EV 97.5 MPH)
|
Batting: RHB Mitch Boyd
|
0-0: Called Strike 0-1: Fly out, F9 (Flyball, 9, EV 91.2 MPH)
|
Batting: SHB Jarrod Lindblad
|
0-0: Called Strike 0-1: Ball 1-1: Foul Ball, location: 2F 1-2: Ball 2-2: Foul Ball, location: 2F 2-2: Ball 3-2: Foul Ball, location: 2F 3-2: Foul Ball, location: 2F 3-2: Foul Ball, location: 2F 3-2: Ground out 5-3 (Groundball, 56, EV 101.9 MPH) Anibal Casteles to second
|
Batting: SHB Valentin Laporte
|
0-0: Called Strike 0-1: Fly out, F8 (Flyball, 8LM, EV 85.6 MPH)
|
Bottom of the 5th over - 0 runs, 1 hit, 0 errors, 1 left on base; Erie 2 - Akron 3 |
TOP OF THE 6TH |
Erie SeaWolves batting - Pitching for Akron RubberDucks : RHP Gordie Pierson
|
Batting: LHB Dave Carlisle
|
0-0: Ground out 2-3 (Groundball, 2L, EV 67.5 MPH)
|
Batting: RHB John Evancho
|
0-0: Called Strike 0-1: Swinging Strike 0-2: Ball 1-2: Ball 2-2: Ball 3-2: SINGLE (Line Drive, 4D, EV 97.5 MPH)
|
Batting: RHB Adam MacConnell
|
0-0: Called Strike 0-1: Called Strike 0-2: Foul Ball, location: 2F 0-2: Fielders Choice at 2nd, 5-4 (Groundball, 56S, EV 88.8 MPH)
|
Batting: RHB Benny O'Connor
|
0-0: Ball 1-0: SINGLE (Flyball, 78S, EV 97.5 MPH) Adam MacConnell to second
|
Batting: RHB Jose Evangelista
|
0-0: Swinging Strike 0-1: Ball 1-1: Ground out 5-3 (Groundball, 56S, EV 91.9 MPH)
|
Top of the 6th over - 0 runs, 2 hits, 0 errors, 2 left on base; Erie 2 - Akron 3 |
BOTTOM OF THE 6TH |
Akron RubberDucks batting - Pitching for Erie SeaWolves : RHP Jerome Stady
|
Batting: RHB Tristan Wright
|
0-0: Ball 1-0: Called Strike 1-1: Ball 2-1: Foul Ball, location: 2F 2-2: Ball 3-2: Strikes out looking
|
Batting: LHB Esteban Cordova
|
0-0: Fly out, F5 (Popup, 56, EV 63.8 MPH)
|
Batting: RHB Justin Lauderdale
|
0-0: Foul Ball, location: 2F 0-1: Swinging Strike 0-2: Ball 1-2: Ball 2-2: Ground out 4-3 (Groundball, 4MD, EV 103.8 MPH)
|
Bottom of the 6th over - 0 runs, 0 hits, 0 errors, 0 left on base; Erie 2 - Akron 3 |
TOP OF THE 7TH |
Erie SeaWolves batting - Pitching for Akron RubberDucks : RHP Gordie Pierson
|
Batting: RHB Willie Ochoa
|
0-0: Foul Ball, location: 2F 0-1: Ball 1-1: Foul Ball, location: 2F 1-2: Strikes out swinging
|
Batting: RHB Mike Sebastian
|
0-0: Ball 1-0: Ball 2-0: Ball 3-0: Called Strike 3-1: Base on Balls
|
Batting: RHB Eric Angelle
|
0-0: Ball 1-0: Ball 2-0: Ball 3-0: Called Strike 3-1: Called Strike 3-2: Foul Ball, location: 2F 3-2: Foul Ball, location: 2F 3-2: Strikes out swinging
|
Pitching: RHP Chris DeVall
|
|
Batting: RHB Carlos Armenteros
|
0-0: Ball 1-0: Called Strike 1-1: Ball 2-1: Swinging Strike 2-2: Strikes out swinging
|
Top of the 7th over - 0 runs, 0 hits, 0 errors, 1 left on base; Erie 2 - Akron 3 |
BOTTOM OF THE 7TH |
Akron RubberDucks batting - Pitching for Erie SeaWolves : RHP Jerome Stady
|
Batting: RHB Charles Marcel
|
0-0: Ball 1-0: Ball 2-0: Foul Ball, location: 2F 2-1: Foul Ball, location: 2F 2-2: Fly out, F9 (Line Drive, 9, EV 97.5 MPH)
|
Batting: SHB Javon Mitchell
|
0-0: Ball 1-0: Ball 2-0: Ball 3-0: Called Strike 3-1: Swinging Strike 3-2: Ground out 4-3 (Groundball, 34D, EV 103.1 MPH)
|
Batting: RHB Anibal Casteles
|
0-0: Called Strike 0-1: Ground out 6-3 (Groundball, 6, EV 101.2 MPH)
|
Bottom of the 7th over - 0 runs, 0 hits, 0 errors, 0 left on base; Erie 2 - Akron 3 |
TOP OF THE 8TH |
Erie SeaWolves batting - Pitching for Akron RubberDucks : RHP Chris DeVall
|
Batting: LHB Dave Carlisle
|
0-0: Ball 1-0: Foul Ball, location: 2F 1-1: Ball 2-1: Ball 3-1: Base on Balls
|
Batting: RHB John Evancho
|
0-0: Swinging Strike 0-1: Ball 1-1: Swinging Strike 1-2: Fielders Choice at 2nd, 6-4 (Groundball, 56, EV 102.5 MPH)
|
Batting: RHB Adam MacConnell
|
0-0: Foul Ball, location: 2F 0-1: Ball 1-1: Ball 2-1: Foul Ball, location: 2F 2-2: Ball 3-2: SINGLE (Line Drive, 9LM, EV 98.8 MPH) John Evancho to second
|
Batting: RHB Benny O'Connor
|
0-0: Called Strike 0-1: Called Strike 0-2: Ball 1-2: Ball 2-2: Ball 3-2: Base on Balls John Evancho to third Adam MacConnell to second
|
Batting: RHB Jose Evangelista
|
0-0: Ball 1-0: Called Strike 1-1: Called Strike 1-2: Ball 2-2: Foul Ball, location: 2F 2-2: Strikes out looking
|
Batting: RHB Willie Ochoa
|
0-0: Called Strike 0-1: Foul Ball, location: 2F 0-2: Foul Ball, location: 2F 0-2: Foul Ball, location: 2F 0-2: Foul Ball, location: 2F 0-2: Ball 1-2: Ball 2-2: Strikes out swinging
|
Top of the 8th over - 0 runs, 1 hit, 0 errors, 3 left on base; Erie 2 - Akron 3 |
BOTTOM OF THE 8TH |
Akron RubberDucks batting - Pitching for Erie SeaWolves : RHP Jerome Stady
|
Pitching: RHP Andy Thoennes
|
|
Batting: RHB Mitch Boyd
|
0-0: Called Strike 0-1: Foul Ball, location: 2F 0-2: Foul Ball, location: 2F 0-2: Strikes out swinging
|
Batting: SHB Jarrod Lindblad
|
0-0: Ball 1-0: Called Strike 1-1: Swinging Strike 1-2: Strikes out looking
|
Batting: SHB Valentin Laporte
|
0-0: Ball 1-0: Ball 2-0: Called Strike 2-1: Foul Ball, location: 2F 2-2: Ball 3-2: Foul Ball, location: 2F 3-2: SINGLE (Flyball, 8RS, EV 93.8 MPH)
|
Batting: RHB Tristan Wright
|
0-0: Called Strike Valentin Laporte steals 2nd base 0-1: Called Strike 0-2: Strikes out swinging
|
Bottom of the 8th over - 0 runs, 1 hit, 0 errors, 1 left on base; Erie 2 - Akron 3 |
TOP OF THE 9TH |
Erie SeaWolves batting - Pitching for Akron RubberDucks : RHP Chris DeVall
|
Pitching: RHP Juan Flores
|
|
Batting: RHB Mike Sebastian
|
0-0: Ball 1-0: Foul Ball, location: 2F 1-1: Ball 2-1: Called Strike 2-2: Foul Ball, location: 2F 2-2: Ground out 5-3 (Groundball, 5S, EV 86.2 MPH)
|
Batting: RHB Eric Angelle
|
0-0: Swinging Strike 0-1: Called Strike 0-2: Ball 1-2: Strikes out swinging
|
Batting: RHB Carlos Armenteros
|
0-0: Ball 1-0: Swinging Strike 1-1: Swinging Strike 1-2: Ball 2-2: Ball 3-2: Strikes out looking
|
Top of the 9th over - 0 runs, 0 hits, 0 errors, 0 left on base; Erie 2 - Akron 3 |
|